Map: Dreamcatcher LE

Players

DnS - Winner!

  • Race: Protoss Protoss
  • Spawn Location: 11:00

MaSa

  • Race: Terran Terran
  • Spawn Location: 5:00

Event: WCS Austin 2018

VOD

Have the link to the VOD?

Description

Time

  • Played on: June 1, 2018, 10:41 p.m.
  • Length: 12:23

All games in this series

Show
View Real Time Build Order
Export as new Build Order

DnS Protoss - Winner!

Build Orders: 1 Gate Expand, Oracle Opening 

Get SALT Encoding   

  12  0:00  Probe  
  13  0:12  Probe  
  14  0:17  Pylon  
  14  0:24  Probe  
  15  0:32  Probe  
  15  0:37  Gateway  
  15  0:40  Probe  
  16  0:46  Assimilator  
  17  0:51  Probe  
  18  1:03  Probe  
  19  1:15  Probe  
  20  1:30  Cybernetics Core  
  20  1:31  Zealot  
  20  1:34  Nexus  
  22  1:46  Pylon  
  22  1:48  Probe  
  21  2:12  Stalker, Probe  
  23  2:20  Probe  
  23  2:29  Probe  
  23  2:39  Probe  
  24  2:47  Stalker, Assimilator  
  26  2:52  Probe  
  26  2:54  Probe, Warp Gate  
  28  3:02  Probe  
  28  3:03  Probe  
  29  3:10  Probe  
  29  3:11  Probe  
  32  3:20  Stargate  
  32  3:21  Probe  
  32  3:26  Probe  
  34  3:33  Probe  
  34  3:38  Probe  
  35  3:45  Probe  
  36  3:50  Probe  
  36  3:55  Oracle  
  37  3:57  Gateway, Probe  
  37  3:58  Gateway  
  37  4:02  Probe  
  42  4:14  Probe x2  
  44  4:17  Pylon  
  44  4:25  Oracle  
  44  4:26  Probe  
  44  4:27  Probe  
  46  4:38  Pylon  
  49  4:39  Probe x2  
  51  4:48  Pylon  
  51  4:51  Probe  
  48  5:10  Stalker x3  
  48  5:11  Probe  
  48  5:12  Probe  
  56  5:17  Nexus  
  56  5:18  Pylon  
  56  5:19  Phoenix  
  55  5:24  Assimilator, Probe  
  55  5:26  Probe  
  55  5:27  Assimilator  
  57  5:36  Probe  
  57  5:37  Forge  
  57  5:38  Twilight Council  
  57  5:39  Probe  
  57  5:41  Protoss Ground Armor Level 1  
  49  5:42  Phoenix  
  59  5:48  Probe  
  62  5:51  Probe  
  62  5:53  Pylon  
  62  5:54  Charge  
  63  5:59  Phoenix  
  63  6:00  Probe  
  63  6:03  Probe  
  67  6:12  Probe  
  67  6:15  Probe  
  69  6:23  Gateway  
  69  6:24  Gateway x2  
  69  6:25  Gateway  
  69  6:27  Probe  
  69  6:28  Probe  
  69  6:30  Sentry  
  73  6:34  Phoenix  
  75  6:40  Probe x2  
  75  6:41  Probe  
  75  6:43  Sentry  
  80  6:47  Gateway  
  80  6:49  Gateway  
  80  6:52  Probe x2  
  82  6:59  Phoenix  
  84  7:02  Probe  
  84  7:04  Protoss Ground Armor Level 2, Zealot, Sentry, Probe  
  84  7:06  Zealot  
  92  7:08  Pylon  
  92  7:11  Pylon  
  92  7:17  Pylon  
  92  7:19  Pylon  
  92  7:24  Phoenix  
  94  7:32  Zealot x6  
  106  7:43  Pylon  
  106  7:49  Phoenix  
  106  7:50  Zealot x2  
  112  7:54  Zealot x4  
  120  8:06  Zealot x2  
  120  8:09  Pylon  
  124  8:14  Zealot  
  124  8:19  Zealot x5  
  112  8:39  Stalker x5  
  122  8:44  Phoenix  
  112  8:50  Probe  
  112  8:55  Zealot x3  
  115  9:01  Robotics Facility  
  115  9:02  Protoss Ground Weapons Level 1  
  119  9:09  Phoenix  
  121  9:17  Zealot x7  
  132  9:33  Blink  
  132  9:34  Phoenix  
  132  9:35  Zealot  
  136  9:38  Zealot  
  136  9:39  Zealot x4  
  136  9:43  Pylon  
  144  9:47  Pylon  
  144  9:56  Warp Prism  
  144  9:58  Zealot x2  
  148  10:01  Pylon  
  144  10:13  Zealot x8  
  142  10:22  Probe  
  142  10:27  Probe  
  142  10:28  Probe  
  128  10:34  Probe  
  129  10:37  Zealot x5  
  129  10:38  Zealot x2  
  129  10:39  Observer  
  144  10:44  Zealot  
  146  10:50  Templar Archives  
  146  11:00  Observer  
  121  11:14  Zealot x8  
  129  11:35  Stalker x5  
  135  11:43  Zealot  
  121  12:04  Stalker x5  
  108  12:19  Stalker x3  
Show
View Real Time Build Order
Export as new Build Order

MaSa Terran 

Build Orders: Cyclone Opening, MMM Bio 

Get SALT Encoding   

  12  0:00  SCV  
  13  0:12  SCV  
  14  0:18  Supply Depot  
  14  0:24  SCV  
  15  0:40  Barracks, SCV  
  16  0:46  Refinery  
  16  0:52  SCV  
  17  1:04  SCV  
  18  1:16  SCV  
  19  1:27  Marine  
  19  1:28  Orbital Command  
  20  1:38  Supply Depot  
  20  1:39  Bunker  
  20  1:44  Marine  
  21  1:49  Factory  
  21  1:58  SCV  
  22  2:02  Marine  
  22  2:10  SCV  
  23  2:21  Marine  
  23  2:22  SCV  
  24  2:33  Command Center  
  24  2:34  SCV  
  25  2:46  SCV  
  25  2:47  Cyclone  
  26  2:54  Supply Depot  
  26  2:58  SCV  
  26  3:00  Refinery  
  27  3:10  Barracks, SCV  
  28  3:22  SCV  
  29  3:36  Command Center  
  29  3:37  Factory Reactor, SCV  
  30  3:44  Orbital Command  
  30  3:49  SCV  
  30  3:55  Barracks  
  31  4:01  SCV  
  32  4:04  Engineering Bay  
  32  4:15  Orbital Command  
  34  4:17  SCV  
  34  4:21  Factory Tech Lab  
  34  4:22  Marine x2  
  35  4:29  SCV  
  36  4:33  Bunker  
  36  4:34  Missile Turret  
  36  4:40  Marine x2  
  36  4:41  SCV  
  36  4:44  Marine  
  40  4:48  Siege Tank  
  40  4:50  SCV  
  44  5:01  SCV  
  44  5:03  Marine, SCV  
  44  5:04  Marine  
  44  5:05  Orbital Command  
  46  5:13  SCV  
  46  5:16  SCV  
  46  5:20  Barracks Tech Lab  
  47  5:21  Marine x2, Siege Tank  
  47  5:26  SCV  
  47  5:27  Terran Infantry Weapons Level 1  
  47  5:28  SCV  
  54  5:31  SCV  
  54  5:35  Refinery  
  55  5:36  Refinery  
  55  5:38  SCV  
  55  5:39  Marine  
  55  5:40  Barracks Reactor  
  57  5:43  Starport  
  57  5:44  SCV  
  57  5:46  SCV  
  59  5:50  Stimpack  
  59  5:51  Marine, SCV  
  59  5:53  Marine  
  62  5:57  Marine, Supply Depot  
  62  5:58  SCV  
  62  6:01  SCV  
  62  6:03  SCV  
  66  6:09  Supply Depot, Marine  
  66  6:10  SCV, Factory Reactor  
  68  6:13  SCV  
  68  6:17  Liberator, Supply Depot  
  68  6:18  Marine x2, SCV  
  69  6:19  Supply Depot  
  69  6:25  SCV x2  
  73  6:26  Barracks  
  73  6:27  Marine  
  73  6:31  SCV  
  73  6:32  Barracks  
  76  6:37  SCV  
  76  6:38  SCV  
  79  6:40  Supply Depot, Marine  
  79  6:41  Marine  
  79  6:43  SCV  
  79  6:44  Marine  
  79  6:45  Marine  
  84  6:48  Medivac  
  84  6:50  Widow Mine  
  84  6:52  Widow Mine  
  90  6:55  SCV  
  90  6:59  Combat Shields  
  90  7:00  Marauder, SCV  
  93  7:02  SCV  
  93  7:03  Marine x2  
  93  7:04  Marine  
  93  7:07  SCV  
  98  7:12  Widow Mine, Supply Depot  
  98  7:13  Widow Mine  
  98  7:14  Supply Depot  
  102  7:16  Barracks Reactor  
  102  7:17  SCV  
  102  7:18  SCV  
  102  7:21  Marine x2, SCV  
  102  7:22  Marauder  
  109  7:27  Marine  
  109  7:28  Barracks Tech Lab  
  109  7:33  Supply Depot, SCV  
  109  7:34  Supply Depot  
  110  7:39  Marauder, Marine  
  110  7:40  SCV x2  
  110  7:41  Terran Infantry Armor Level 1  
  110  7:43  Marauder, Supply Depot x2  
  117  7:45  Medivac  
  117  7:48  Marauder  
  117  7:50  Concussive Shells, SCV  
  122  7:52  Widow Mine  
  122  7:53  SCV  
  122  7:55  SCV  
  126  8:00  Marauder  
  126  8:02  SCV  
  126  8:03  Marine x4  
  126  8:05  Marauder, SCV  
  134  8:07  SCV  
  137  8:13  Marauder  
  137  8:14  SCV  
  137  8:15  Widow Mine  
  137  8:16  Widow Mine  
  137  8:18  SCV  
  143  8:21  Marine x3  
  143  8:22  Marauder  
  143  8:26  Marine  
  146  8:27  Marauder  
  146  8:29  SCV  
  139  8:34  Marauder  
  139  8:38  Marine x2  
  139  8:39  Marine  
  119  8:43  Marauder  
  119  8:44  Marine  
  119  8:48  Marauder, Widow Mine x2  
  115  8:49  Medivac x2  
  115  8:53  SCV  
  118  8:55  Marauder  
  118  8:56  Marine x3  
  118  8:57  Command Center  
  118  9:02  Marine  
  122  9:04  Marauder  
  122  9:05  SCV  
  122  9:06  Missile Turret  
  122  9:09  Widow Mine x2  
  130  9:10  Marauder  
  130  9:14  Marine x3  
  134  9:17  Marauder  
  134  9:18  SCV x2  
  134  9:23  Marine  
  133  9:25  Medivac x2  
  133  9:26  Marauder  
  133  9:27  Supply Depot x2  
  133  9:30  Widow Mine x2  
  145  9:31  Marauder  
  145  9:32  Marine x3  
  145  9:37  Liberator  
  145  9:38  Marauder, Liberator  
  150  9:40  Marine  
  150  9:44  SCV  
  150  9:47  Marauder  
  150  9:49  Barracks  
  150  9:50  Barracks x2, Marine x2  
  150  9:51  Marine  
  150  9:52  Marauder, Widow Mine x2  
  161  9:56  SCV  
  161  9:59  Marine  
  170  10:00  Marauder  
  170  10:06  Supply Depot x2  
  171  10:07  Marine  
  171  10:10  Marauder  
  171  10:13  Marine  
  173  10:20  Liberator  
  173  10:25  Marine x2  
  173  10:26  Marine  
  173  10:27  Marauder x2  
  170  10:31  Marauder, Widow Mine x2  
  170  10:34  Marine  
  167  10:38  Armory  
  167  10:39  Engineering Bay  
  167  10:42  Marine  
  170  10:44  Refinery  
  170  10:45  Marine  
  170  10:48  Refinery, Marauder  
  170  10:49  Marauder  
  176  10:53  Marauder  
  176  10:55  Marine x2  
  179  11:00  Marine  
  170  11:08  Marine  
  170  11:10  Marauder x2, Command Center  
  170  11:11  Medivac  
  135  11:13  Barracks Reactor, Marine x2, Barracks Tech Lab x2  
  135  11:14  Marauder, Widow Mine x2  
  135  11:18  Marine  
  114  11:26  Marine  
  114  11:31  Marauder, Marine x2  
  114  11:32  Marauder  
  112  11:35  Marauder  
  112  11:36  Widow Mine x2, Marine  
  108  11:40  Marine  
  108  11:41  Marauder  
  108  11:43  Medivac x2  
  108  11:44  Marine  
  114  11:49  Marine x2  
  114  11:53  Marauder x2  
  118  11:55  Marine  
  118  11:57  Marauder, Widow Mine x2  
  118  12:00  Marine  
  111  12:01  Marauder  
Tags
 
Add a new tag
Caveats
  • Supply blocks, unpowered buildings, or Contaminate may cause inaccurate times.
  • Supply counts are checked every 10 seconds.